 Dungeon Crawl Stone Soup version 0.18.1-48-g4cf74bf (console) character file.

80 Kloppie the Poker (level 4, 0/57 HPs)
             Began as a Merfolk Berserker on June 25, 2016.
             Was a Believer of Trog.
             Succumbed to an adder's poison
             ... on level 2 of the Dungeon.
             The game lasted 00:02:07 (1936 turns).

Kloppie the Poker (Merfolk Berserker)               Turns: 1936, Time: 00:02:08

Health: 0/57       AC:  2    Str: 22    XL:     4   Next: 39%
Magic:  4/4        EV: 13    Int:  6    God:    Trog [**....]
Gold:   106        SH:  0    Dex: 14    Spells: 0 memorised, 3 levels left

rFire  . . .     SeeInvis .     a - +0 spear
rCold  . . .     Gourm    .     b - +0 animal skin
rNeg   . . .     Faith    .     (no shield)
rPois  .         Spirit   .     (no helmet)
rElec  .         Dismiss  .     (no cloak)
rCorr  .         Reflect  .     (no gloves)
SustAt .         Harm     .     (no boots)
MR     .....                    (no amulet)
Stlth  ..........               (no ring)
                                (no ring)

@: berserking, lethally poisoned (0 -> -1), very quick, not resistant to hostile
enchantments, extremely unstealthy
A: change form in water, swift swim
a: Berserk, Trog's Hand, Burn Spellbooks, Renounce Religion


You were on level 2 of the Dungeon.
You worshipped Trog.
Trog was pleased with you.
You were hungry.

You visited 1 branch of the dungeon, and saw 2 of its levels.

You collected 106 gold pieces.

Inventory:

Hand Weapons
 a - a +0 spear (weapon)
Armour
 b - a +0 animal skin (worn)
Jewellery
 k - a +2 amulet of reflection {unknown}
Scrolls
 d - a scroll of recharging {unknown}
 h - 6 scrolls of remove curse {unknown}
 j - 4 scrolls of identify {unknown}
 l - a scroll of teleportation {unknown}
 n - a scroll of magic mapping {unknown}
 p - a scroll of immolation {unknown}
Potions
 e - a potion of curing {unknown}
 g - 2 potions of brilliance {unknown}
 i - a potion of invisibility {unknown}
 m - a potion of lignification {unknown}
Comestibles
 c - a bread ration
 f - a meat ration
 o - a chunk of flesh


   Skills:
 + Level 4.5 Fighting
 + Level 6.0 Polearms
 - Level 1.3 Armour
 - Level 2.6 Dodging


You had 3 spell levels left.
You didn't know any spells.

Dungeon Overview and Level Annotations

Branches:
Dungeon (2/15)

Altars:
Ashenzari
Makhleb


Message History

You hit the orc but do no damage.
The orc is heavily wounded.
The orc hits you with a short sword.
* * * LOW HITPOINT WARNING * * *
You hit the orc.
The orc is heavily wounded.
The orc hits you with a short sword.
* * * LOW HITPOINT WARNING * * *
You hit the orc but do no damage.
The orc is heavily wounded.
The orc hits you with a short sword!
* * * LOW HITPOINT WARNING * * *
You hit the orc but do no damage.
The orc is heavily wounded.
The orc hits you with a short sword.
* * * LOW HITPOINT WARNING * * *
A red film seems to cover your vision as you go berserk!
You feel yourself moving faster!
You feel mighty!
You are feeling hungry.
You die...

###...).......#.#
'....##.......#.#.###
###..##.....###.#...
# #.###.....#
#.#..#### ###.#
#.....# #.#.....
....###...### #.#...#
##>.......#####.#...#
#####........#†.##.#
#..........@o..#
#..##.....###?##
#..###.####...# #..#
### #.g#.. #..#
#o.##.## #... g.g.
#.# #..# .#o8 #.#
#..# ..( #.# #..# #.#
#.#


You could see an orc.

Vanquished Creatures
  2 adders (D:2)
  2 oozes
  2 worms
  2 dart slugs
  3 giant geckos
  An orc (D:2)
  A ball python (D:1)
  A bat (D:2)
  3 giant cockroaches
  6 goblins
  6 hobgoblins
  3 kobolds
  7 rats
39 creatures vanquished.

Notes
Turn   | Place    | Note
--------------------------------------------------------------
     0 | D:1      | Kloppie the Merfolk Berserker began the quest for the Orb.
     0 | D:1      | Reached XP level 1. HP: 18/18 MP: 1/1
   176 | D:1      | Reached XP level 2. HP: 16/24 MP: 2/2
   369 | D:1      | Reached skill level 5 in Polearms
   701 | D:1      | Reached XP level 3. HP: 19/30 MP: 3/3
  1402 | D:2      | Found a burning altar of Makhleb.
  1444 | D:2      | Found a shattered altar of Ashenzari.
  1503 | D:2      | Reached ** piety under Trog
  1506 | D:2      | Reached XP level 4. HP: 24/38 MP: 4/4
  1925 | D:2      | Reached skill level 6 in Polearms
  1935 | D:2      | HP: 1/38 [orc/short sword (4)]
  1936 | D:2      | Succumbed to an adder's poison

Skill      XL: |  1  2  3  4 |
---------------+-------------+-----
Polearms       | 5 6 |  6.0
Fighting       | 4 |  4.5
Armour         | |  1.3
Dodging        | |  2.6

Action                   |  1- 3 |  4- 6 || total
-------------------------+-------+-------++-------
Melee: Spear             |   122 |    48 ||   170
Invok: Berserk           |     2 |     1 ||     3
       Trog's Hand       |       |     1 ||     1
 Stab: Sleeping          |     2 |       ||     2
       Distracted        |     1 |       ||     1
  Eat: Chunk             |     4 |     1 ||     5
Armor: Animal skin       |     5 |     1 ||     6
Dodge: Dodged            |    42 |    22 ||    64
